cohdb
Replays
Latest Replays
All Replays
Popular Replays
Top Player Replays
Match Explorer
How It Works
Community
CoH3 Stats
Reddit
Sign in to upload your games and track your stats! →
Sign in with Steam
Match 25215443
Unlisted
Match 25215443
Overview
Messages
Build Orders
End
Kettenkrad Recon Vehicle
Selects Luftwaffe Battlegroup
Selects Luftwaffe Pioneer Support
Fallschirmpioneer Squad Paradrop
Construct Infanterie Kompanie
Grenadier Squad
MG 42 Machine Gun Team
Sniper
Infanterie Officer Quarters
Grenadier Squad
Medical Station
GrW 34 Mortar Team
Selects Luftwaffe Combat Group
Luftwaffe Combat Group
Construct Panzergrenadier Kompanie
Pak 40 Anti-tank Gun Team
MG 42 Machine Gun Team
Construct Panzer Kompanie
Selects Infantry Reserves
Selects Stuka Strafing Run
Sturmpanzer IV Brummbär
Selects Fallschirmjäger Squad Paradrop
Pak 40 Anti-tank Gun Team
MG 42 Machine Gun Team
SoraTsukishima
ConcernedApe
0
0
Comments
sign in to comment!
No comments posted yet!